 Dungeon Crawl Stone Soup version 0.25-a0-253-g6f1b5d974a (webtiles) character file.

Game seed: 5123793541460957061, levelgen mode: classic

15222 Borgoz the Cruncher (level 12, -32/77 HPs)
             Began as a Gargoyle Gladiator on Dec 5, 2019.
             Was a Believer of Ashenzari.
             Killed from afar by Jorgrun (41 damage)
             ... with an iron shot
             ... on level 12 of the Dungeon.
             The game lasted 00:21:05 (12461 turns).

Borgoz the Cruncher (Gargoyle Gladiator)           Turns: 12461, Time: 00:21:06

Health: -32/77     AC: 15    Str: 32    XL:     12   Next: 24%
Magic:  12/12      EV: 14    Int: 10    God:    Ashenzari [**....]
Gold:   387        SH:  4    Dex: 13    Spells: 11/11 levels left

rFire    . . .     SeeInvis .   a - +0 quarterstaff (curse)
rCold    . . .     Gourm    .   (shield currently unavailable)
rNeg     + . .     Faith    .   g - +0 ring mail
rPois    ∞         Spirit   .   c - +0 helmet
rElec    +         Reflect  +   C - +0 cloak
rCorr    .         Harm     .   (no gloves)
MR       .....                  (no boots)
Stlth    +.........             w - +4 amulet of reflection
HPRegen  0.22/turn              q - +6 ring of strength
MPRegen  0.13/turn              v - +6 ring of strength

@: grasped by roots, very slightly contaminated, constricted, invisible
A: negative energy resistance 1, electricity resistance, unbreathing,
petrification resistance, rot immunity, AC +8
a: Curse Item, Scrying, Renounce Religion


You were on level 12 of the Dungeon.
You worshipped Ashenzari.
Ashenzari was pleased with you.
You were not hungry.

You visited 2 branches of the dungeon, and saw 13 of its levels.
You also visited: Sewer.

You collected 661 gold pieces.
You spent 274 gold pieces at shops.

Inventory:

Hand Weapons
 a - a cursed +0 quarterstaff (weapon)
Missiles
 d - a throwing net (quivered)
Armour
 c - a +0 helmet (worn)
 g - a +0 ring mail (worn)
 C - a +0 cloak (worn)
Jewellery
 j - an uncursed ring of resist corrosion
 q - a +6 ring of strength (left hand)
 t - an uncursed ring of fire
 v - a +6 ring of strength (right hand)
 w - a +4 amulet of reflection (around neck)
 y - an uncursed ring of ice
Wands
 s - a wand of disintegration (7)
 B - a wand of random effects (32)
 G - a wand of enslavement (11)
 H - a wand of paralysis (11)
Scrolls
 b - 2 scrolls of fear
 h - 2 scrolls of blinking
 p - 10 scrolls of teleportation
 r - 3 scrolls of fog
 u - a scroll of identify
 x - a scroll of magic mapping
 E - a scroll of summoning
 F - 2 scrolls of remove curse
 I - a scroll of amnesia
Potions
 e - 5 potions of brilliance
 i - a potion of invisibility
 k - 4 potions of magic
 l - 2 potions of mutation
 m - 5 potions of agility
 z - 2 potions of cancellation
 A - 2 potions of resistance
 D - 2 potions of curing
Comestibles
 f - 26 rations
 n - 15 chunks of flesh


   Skills:
 + Level 9.9 Fighting
 * Level 12.5(15.2) Staves
 - Level 1.7 Throwing
 * Level 10.7 Dodging


You had 11 spell levels left.
You didn't know any spells.
Your spell library contained the following spells:

 Spells                   Type           Power        Failure   Level  Hunger
 Cause Fear               Hex            #.........   99%         4    #####..
 Silence                  Hex/Air        #.........   100%        5    ######.
 Yara's Violent Unravell  Hex/Tmut       #.........   100%        5    ######.
 Deflect Missiles         Chrm/Air       #.........   100%        6    #######
 Discord                  Hex            #.........   100%        8    #######


Dungeon Overview and Level Annotations

Branches:
Dungeon (12/15)            Temple (1/1) D:6            Lair (0/6) D:10
  Sewer (visited)
    Orc: D:9-12

Altars:
Ashenzari
Cheibriados
Dithmenos
Elyvilon
Fedhas
Gozag
Hepliaklqana
Kikubaaqudgha
Makhleb
Nemelex Xobeh
Okawaru
Qazlal
Ru
Sif Muna
Trog
Uskayaw
Vehumet
Wu Jian
Xom
Yredelemnul
Zin
The Shining One

Shops:
D:5 ?   D:11 *

Annotations:
D:10 2 runed translucent doors, mcbry's ghost, journeyman HOFi
D:12 Jorgrun


Innate Abilities, Weirdness & Mutations

You are resistant to torment.
Your stone body is resilient. (AC +8)
You are immune to poison.
You resist negative energy. (rN+)
You are resistant to electric shocks. (rElec)
You can survive without breathing.
You are immune to petrification.
You are immune to rotting.


Message History

The wyvern bites you!
You sock Jorgrun!
Jorgrun is heavily wounded.
* * * LOW HITPOINT WARNING * * *
The grasping roots constrict you!
Jorgrun struggles against the net.
You block the wyvern's attack.
You thump Jorgrun!
Jorgrun is heavily wounded.
You block the wyvern's attack.
* * * LOW HITPOINT WARNING * * *
The grasping roots constrict you.
Jorgrun struggles against the net.
You hit Jorgrun.
Jorgrun is heavily wounded.
You block the wyvern's attack.
You hit Jorgrun.
Jorgrun is heavily wounded.
Jorgrun gestures at you while chanting. The iron shot hits you!!!
Ouch! That really hurt!
You die...

,, #.....# , , , #.....#
,, * , #.....#, ,, , , ,
####.....# , +,,, ,
#........###### ,*
#.............#### ,
+.............##.## ,. .
#............##...##....,
#....†.......#..@g...(#
#............#÷..l.#....
*
#............).....#....
,, ,*
.......###++###...##...
** .....Y.# ,,,{
##.###..o* ......Y#, ,,
*####.J..########
.......# #....oo.....#
.......#, ,, ,
,#...........# .......#
,,,##....lJ.....#


You could see Jorgrun (caught) and a wyvern.

Vanquished Creatures
  Nessos (D:12)
  A hydra (D:9)
  Erolcha (D:10)
  2 two-headed ogres (D:11)
  Sonja (D:10)
  Joseph (D:7)
  2 gargoyles
  3 trolls
  2 dream sheep (D:9)
  A hornet (D:11)
  A slime creature (D:11)
  4 hippogriffs
  A wraith (D:10)
  2 wyverns
  6 yaks
  A basilisk (D:12)
  A hungry ghost (D:8)
  A soldier ant (D:11)
  2 orc warriors (Temple)
  A sky beast (D:12)
  7 ice beasts
  8 ogres
  A wolf (D:10)
  3 black bears
  An eye of draining (D:10)
  An ogre (shapeshifter) (D:9)
  2 phantoms
  6 centaurs
  8 big kobolds
  4 bullfrogs
  2 scorpions
  10 wights
  3 howler monkeys
  2 electric eels (D:10)
  2 bullfrog zombies
  9 orc priests
  Crazy Yiuf (D:7)
  12 hounds
  A centaur zombie (D:7)
  A bullfrog skeleton (D:6)
  7 jellies
  9 orc wizards
  4 centaur skeletons
  5 iguanas
  A worker ant (D:4)
  A hound zombie (D:7)
  7 gnolls
  A howler monkey skeleton (D:5)
  3 river rats (Sewer)
  16 adders
  2 shadow imps
  4 oozes
  2 adder skeletons
  10 worms
  4 dart slugs
  6 leopard geckos
  28 orcs
  5 giant cockroaches
  13 goblins
  5 hobgoblins
  9 jackals
  5 quokkas
  3 ball pythons
  9 bats
  4 frilled lizards
  A jackal zombie (D:5)
  20 kobolds
  A leopard gecko zombie (D:6)
  A quokka skeleton (D:7)
  A quokka zombie (D:4)
  12 rats
318 creatures vanquished.

Notes
Turn   | Place    | Note
-------+----------+-------------------------------------------
     0 | D:1      | Borgoz the Gargoyle Gladiator began the quest for the Orb.
     0 | D:1      | Reached XP level 1. HP: 12/12 MP: 1/1
   133 | D:1      | Reached XP level 2. HP: 13/18 MP: 2/2
   358 | D:1      | Reached XP level 3. HP: 18/22 MP: 3/3
  1027 | D:2      | Found a radiant altar of Vehumet.
  1084 | D:2      | Reached XP level 4. HP: 27/27 MP: 4/4
  1841 | D:3      | Reached skill level 4 in Staves
  1937 | D:3      | Reached XP level 5. HP: 30/32 MP: 5/5
  2538 | D:4      | Found a snail-covered altar of Cheibriados.
  2629 | D:4      | Found a stormy altar of Qazlal.
  2631 | D:4      | Noticed an air elemental
  2631 | D:4      | Noticed a fire elemental
  2632 | D:4      | Noticed a water elemental
  2663 | D:4      | Reached XP level 6. HP: 37/37 MP: 6/6
  2695 | D:4      | Reached skill level 5 in Staves
  2710 | D:4      | Reached XP level 7. HP: 20/43 MP: 7/7
  2763 | D:4      | Noticed a -3 dagger
  2763 | D:4      | Noticed a +0 dagger
  2773 | D:4      | Found a hide-covered altar of Uskayaw.
  2836 | D:4      | Found a glowing drain.
  2840 | Sewer    | Entered a sewer
  3159 | Sewer    | Reached skill level 6 in Staves
  3197 | Sewer    | Reached skill level 5 in Dodging
  3439 | Sewer    | Reached XP level 8. HP: 48/48 MP: 8/8
  3771 | D:4      | Found a burning altar of Makhleb.
  3849 | D:5      | Entered Level 5 of the Dungeon
  3956 | D:5      | Found Jiwiumuw's Magic Scroll Shoppe.
  3966 | D:5      | Bought a scroll of identify for 30 gold pieces
  3966 | D:5      | Bought a scroll of identify for 30 gold pieces
  3966 | D:5      | Bought a scroll of identify for 30 gold pieces
  3966 | D:5      | Bought a scroll of magic mapping for 52 gold pieces
  4174 | D:5      | Reached skill level 5 in Fighting
  4603 | D:5      | Reached skill level 7 in Staves
  5115 | D:6      | Reached XP level 9. HP: 55/55 MP: 9/9
  5198 | D:6      | Found a staircase to the Ecumenical Temple.
  5211 | Temple   | Entered the Ecumenical Temple
  5403 | Temple   | Became a worshipper of Ashenzari the Shackled
  5595 | D:6      | Reached skill level 8 in Staves
  6707 | D:7      | Noticed Joseph
  6715 | D:7      | Killed Joseph
  7281 | D:7      | Reached skill level 9 in Staves
  7484 | D:7      | Found a runed translucent door.
  7485 | D:7      | Noticed Crazy Yiuf
  7593 | D:7      | Killed Crazy Yiuf
  7862 | D:8      | Reached XP level 10. HP: 63/63 MP: 10/10
  7932 | D:8      | Reached * piety under Ashenzari
  8013 | D:8      | Found a hazy altar of Hepliaklqana.
  8131 | D:8      | Found a glowing silver altar of Zin.
  8292 | D:8      | Found a blossoming altar of Fedhas.
  8388 | D:9      | Found a glowing golden altar of the Shining One.
  8806 | D:9      | Reached skill level 10 in Staves
  9108 | D:9      | Noticed a three-headed hydra
  9119 | D:9      | Killed a three-headed hydra
  9203 | D:10     | Entered Level 10 of the Dungeon
  9273 | D:10     | Reached XP level 11. HP: 69/69 MP: 11/11
  9552 | D:10     | Found a staircase to the Lair.
  9575 | D:10     | Noticed Sonja
  9609 | D:10     | Reached skill level 11 in Staves
  9678 | D:10     | Found a runed translucent door.
  9744 | D:10     | Noticed Erolcha
  9763 | D:10     | Killed Erolcha
  9775 | D:10     | Killed Sonja
  9868 | D:10     | Reached ** piety under Ashenzari
  9963 | D:10     | Identified the +4 rapier of the Many Lies {freeze, *Slow
                  | Str+6 Dex+5}
 10193 | D:10     | Noticed an ice dragon
 10193 | D:10     | Noticed a catoblepas
 10193 | D:10     | Noticed an ogre mage
 10194 | D:10     | Noticed a necromancer
 10195 | D:10     | Noticed a lich
 10195 | D:10     | Noticed a skeletal warrior
 10198 | D:10     | Noticed mcbry's ghost (journeyman HOFi)
 10200 | D:10     | Found a runed translucent door.
 10585 | D:11     | Found Akuufiar's General Store.
 10596 | D:11     | Bought 3 scrolls of identify for 66 gold pieces
 10596 | D:11     | Bought a scroll of remove curse for 33 gold pieces
 10596 | D:11     | Bought a scroll of remove curse for 33 gold pieces
 10788 | D:11     | Noticed a two-headed ogre
 10798 | D:11     | Killed a two-headed ogre
 11110 | D:11     | Reached skill level 10 in Dodging
 11121 | D:11     | Found a shadowy altar of Dithmenos.
 11731 | D:11     | Reached skill level 12 in Staves
 11826 | D:12     | Identified the +4 quarterstaff "Quravol" {distort, Dex+2
                  | SInv}
 11837 | D:12     | Noticed a two-headed ogre
 12052 | D:11     | Killed a two-headed ogre
 12058 | D:11     | Reached XP level 12. HP: 46/76 MP: 12/12
 12235 | D:12     | Noticed Nessos
 12249 | D:12     | Killed Nessos
 12440 | D:12     | Noticed Jorgrun
 12461 | D:12     | Killed from afar by Jorgrun

Levels and vault maps discovered:
D:1:      dpeg_arrival_three_smaller_balls, layout_rooms
D:2:      layout_basic, nicolae_overflow_hidden_temple, first_ration
D:3:      layout_loops_cross, grunt_ministairs_3
D:4:      layout_cave_pools, lightli_temple_of_fire, cheibriados_altar_1,
          nicolae_qazlal_style_of_elements, dancing_weapons_uskayaw,
          gup_sewer_entry_bowl, serial_park, minmay_misc_feat_plants,
          st_stairs_5, minmay_misc_feat_tower
D:5:      layout_gridville, serial_shops, nicolae_shop_trees
D:6:      layout_basic, temple_fountains
D:7:      layout_basic, small_statue_intersection, due_unseen_surprise,
          uniq_joseph, uniq_crazy_yiuf_cottage
D:8:      layout_basic, fedhas_altar_4, kennysheep_mini, lemuel_round_altar
D:9:      layout_irregular_city, overflow_temple_1_default, hangedman_ranch
          [blue_anna_fruit_fields]
D:10:     layout_long_grid, erik_lair_island, muffindrake_ghost_dual_entry,
          uniq_sonja, uniq_erolcha
D:11:     layout_basic, serial_shops, shop, nicolae_dithmenos_the_darkroom
D:12:     layout_irregular_city, hiddenorc2_lemuel, roderic_batcave,
          uniq_nessos, uniq_kirke, uniq_jorgrun, uniq_azrael
Temple:   nicolae_temple_figure_eight

Skill      XL: |  1  2  3  4  5  6  7  8  9 10 11 |
---------------+----------------------------------+-----
Dodging        | 3 4 5 6 7 9 10 | 10.7
Staves         | 4 5 6 7 9 10 12 | 12.5
Fighting       | 3 4 5 7 8 9 |  9.9
Throwing       | |  1.7

Action                   |  1- 3 |  4- 6 |  7- 9 | 10-12 || total
-------------------------+-------+-------+-------+-------++-------
Melee: Quarterstaff      |    97 |   161 |   506 |   611 ||  1375
Throw: Throwing net      |       |       |     1 |     3 ||     4
Invok: Curse Item        |       |       |       |     1 ||     1
  Use: Scroll            |       |       |    17 |     7 ||    24
       Potion            |       |       |     2 |     7 ||     9
 Stab: Held in net/web   |       |       |       |     1 ||     1
       Invisible         |       |       |       |     1 ||     1
  Eat: Chunk             |     1 |     5 |    17 |    12 ||    35
       Ration            |       |       |       |     1 ||     1
Armor: Leather armour    |    32 |       |       |       ||    32
       Ring mail         |    28 |    65 |   155 |   187 ||   435
Dodge: Dodged            |    89 |    98 |   292 |   409 ||   888
Block: Other             |       |       |       |    43 ||    43
       Reflection        |       |       |       |     3 ||     3

Table legend:
 A = Non-vault XP
 B = Vault XP
 C = Vault XP percentage of total XP
 D = Non-vault monster count
 E = Vault monster count
 F = Vault count percentage of total count
                 A         B        C        D         E       F
            +---------+---------+-------+---------+---------+-------
      Total |   14806 |    6941 |  31.9 |     258 |      60 |  18.9
            +---------+---------+-------+---------+---------+-------
        D:1 |      44 |       0 |   0.0 |      22 |       0 |   0.0
        D:2 |      70 |       0 |   0.0 |      16 |       0 |   0.0
        D:3 |     191 |       3 |   1.5 |      25 |       2 |   7.4
        D:4 |     472 |       9 |   1.9 |      12 |       4 |  25.0
        D:5 |     520 |       0 |   0.0 |      19 |       0 |   0.0
        D:6 |    1260 |       0 |   0.0 |      37 |       0 |   0.0
        D:7 |     697 |     472 |  40.4 |      25 |       2 |   7.4
        D:8 |    1602 |       0 |   0.0 |      18 |       0 |   0.0
        D:9 |     545 |    2224 |  80.3 |       6 |       8 |  57.1
       D:10 |    1683 |    2382 |  58.6 |      20 |      11 |  35.5
       D:11 |    5277 |       0 |   0.0 |      38 |       0 |   0.0
       D:12 |    2169 |    1396 |  39.2 |      17 |       5 |  22.7
     Temple |     276 |       0 |   0.0 |       3 |       0 |   0.0
      Sewer |       0 |     455 | 100.0 |       0 |      28 | 100.0
            +---------+---------+-------+---------+---------+-------
